 Dungeon Crawl Stone Soup version 0.29-a0-330-g52719c12eb (webtiles) character file.

Game seed: 6214185359066314228

365 kae the Magician (level 6, -5/35 HPs)
             Began as a Deep Elf Fire Elementalist on May 1, 2022.
             Killed by an exploding orc priest (30 damage)
             ... ignited by their inner flame
             ... on level 4 of the Dungeon.
             The game lasted 00:02:20 (4989 turns).

kae the Magician (Deep Elf Fire Elementalist)       Turns: 4989, Time: 00:02:21

Health: -5/35      AC:  4    Str:  5    XL:     6   Next: 40%
Magic:  0/15       EV: 13    Int: 22    God:
Gold:   133        SH:  0    Dex: 15    Spells: 5/14 levels left

rFire   . . .      SeeInvis .   (no weapon)
rCold   . . .      Faith    .   (no shield)
rNeg    . . .      Spirit   +   a - +0 robe
rPois   .          Reflect  .   (no helmet)
rElec   .          Harm     .   n - +0 cloak
rCorr   .          Rampage  .   j - +0 pair of gloves
Will    .....                   (no boots)
Stlth   ++........              d - amulet of guardian spirit
HPRegen 0.11/turn               (no ring)
MPRegen 0.14/turn               (no ring)

@: very slightly contaminated
A: no striking features
a: no special abilities


You were on level 4 of the Dungeon.
You visited 1 branch of the dungeon, and saw 4 of its levels.

You collected 133 gold pieces.

Inventory:

Armour
 a - a +0 robe (worn)
 j - a +0 pair of gloves (worn)
 n - a +0 cloak (worn)
Jewellery
 d - an amulet of guardian spirit (around neck)
Scrolls
 c - a scroll of identify
Potions
 b - a potion of magic
 e - a potion of curing
 f - a potion of heal wounds
 g - 2 potions of mutation
 h - 2 potions of lignification
 i - a potion of brilliance
 k - a potion of berserk rage {unknown}
 m - a potion of degeneration {unknown}


   Skills:
 + Level 2.1 Fighting
 + Level 4.2 Dodging
 - Level 2.4 Stealth
 + Level 4.8 Spellcasting
 + Level 3.2 Conjurations
 + Level 4.6 Fire Magic


You had 5 spell levels left.
You knew the following spells:

 Your Spells              Type           Power      Damage    Failure   Level
a - Foxfire               Conj/Fire      88%        2x1d8     1%          1
b - Scorch                Fire           50%        2d8       2%          2
c - Conjure Flame         Conj/Fire      22%        6-21      6%          3
d - Inner Flame           Hex/Fire       15%        N/A       12%         3

Your spell library contained the following spells:

 Spells                   Type           Power      Damage    Failure   Level
 Ignite Poison            Fire/Tmut/Pois 12%        N/A       16%         3
 Flame Wave               Conj/Fire      22%        2d7       21%         4
 Sticky Flame             Conj/Fire      22%        2d4       21%         4


Dungeon Overview and Level Annotations

Branches:
Dungeon (4/15)
 Temple: D:4-7

Altars:

Annotations:
D:3 Terence


Message History

The orc priest looks satisfied for a moment.
Casting: Inner Flame (quite dangerous; 12% risk of failure)
Confirm with . or Enter, or press ? or * to list all spells.
The spell is quite dangerous to miscast (12% risk of failure)!
Continue anyway? [Y]es or [N]o only, please.
The spell is quite dangerous to miscast (12% risk of failure)!
Continue anyway?
Aiming: Inner Flame (quite dangerous; 12% risk of failure)
Press: ? - help, Dir - move target, f/p - orc priest
Aim: an orc priest, wielding a +0 flail (chance to affect: 69%)
You miscast Inner Flame.
You are very lightly contaminated with residual magic.
Nothing appears to happen.
The orc priest invokes the aid of Beogh against you.
Beogh smites you!
Casting: Inner Flame (quite dangerous; 12% risk of failure)
Confirm with . or Enter, or press ? or * to list all spells.
The spell is quite dangerous to miscast (12% risk of failure)!
Continue anyway? [Y]es or [N]o only, please.
The spell is quite dangerous to miscast (12% risk of failure)!
Continue anyway?
Okay, then.
Casting: Inner Flame (quite dangerous; 12% risk of failure)
Confirm with . or Enter, or press ? or * to list all spells.
The spell is quite dangerous to miscast (12% risk of failure)!
Continue anyway? [Y]es or [N]o only, please.
The spell is quite dangerous to miscast (12% risk of failure)!
Continue anyway?
Aiming: Inner Flame (quite dangerous; 12% risk of failure)
Press: ? - help, Dir - move target, f/p - orc priest
Aim: an orc priest, wielding a +0 flail (chance to affect: 69%)
The orc priest is filled with an inner flame.
You hit the orc priest.
Flame seeps out of the orc priest.
The orc priest is lightly wounded.
The orc priest is engulfed in blazing flames.
Flame seeps out of the orc priest.
The orc priest hits you with a +0 flail.
You feel better.
The orc priest is engulfed in blazing flames.
The orc priest explodes!
The fiery explosion engulfs you!!
Ouch! That really hurt!
You die...

###+###.## #.#
##.## #..#
##+#+#### #...#
##.###.......#
#..##
#..##.......#
#.##
##.##.......+
#.#
#####.##.......#
#.#.#
+......'.......#
#.#.#
######.#.......#
#.#.###
#.#§@§....#
#.#...#
#.##○######
#.###.# #+##o#
#.#.#.#


o{o #.#...# ..... #.#.###.# ....... #...<...# ##+#+#### ######### You could see
an orc wizard and 2 orcs.

Vanquished Creatures
  Sigmund (D:3)
  3 orc priests
  An iguana (D:4)
  3 adders
  A worm (D:2)
  4 dart slugs
  7 orcs
  7 endoplasms
  4 giant cockroaches
  2 hobgoblins
  4 jackals (D:1)
  4 quokkas
  3 ball pythons
  8 bats
  4 frilled lizards
  5 goblins
  4 kobolds
  5 rats
  A spectral goblin (D:1)
71 creatures vanquished.

Vanquished Creatures (others)
  287 foxfires
287 creatures vanquished.

Grand Total: 358 creatures vanquished

Notes
Turn   | Place    | Note
-------+----------+-------------------------------------------
     0 | D:1      | kae the Deep Elf Fire Elementalist began the quest for the
                  | Orb.
     0 | D:1      | Reached XP level 1. HP: 10/10 MP: 6/6
   274 | D:1      | Reached XP level 2. HP: 15/15 MP: 4/8
   281 | D:1      | Learned a level 2 spell: Scorch
   400 | D:1      | Found a faded altar of an unknown god.
  1903 | D:2      | Reached XP level 3. HP: 7/20 MP: 1/9
  1908 | D:2      | HP: 1/20 [poisoned by an adder]
  2268 | D:2      | Reached skill level 1 in Fighting
  3097 | D:3      | Noticed Terence
  3195 | D:3      | Learned a level 3 spell: Conjure Flame
  3199 | D:3      | Learned a level 3 spell: Inner Flame
  3328 | D:2      | Reached XP level 4. HP: 21/25 MP: 2/11
  4044 | D:3      | Noticed Sigmund
  4055 | D:3      | Killed Sigmund
  4056 | D:3      | Reached XP level 5. HP: 24/30 MP: 3/13
  4229 | D:3      | Reached XP level 6. HP: 18/35 MP: 3/15
  4989 | D:4      | Killed by an exploding orc priest... ignited by their inner
                  | flame

Illustrated notes

Levels and vault maps discovered:
D:1:      dpeg_arrival_arbitrary_a, layout_basic,
          dreamdust_ecumenical_altar_drowned_temple
D:2:      minmay_recursive_quarters, layout_basic
D:3:      layout_basic, uniq_terence, uniq_sigmund
D:4:      layout_basic, mainiacjoe_overflow_catwalk

Skill      XL: |  1  2  3  4  5  6 |
---------------+-------------------+-----
Fighting       | 1 2 |  2.1
Dodging        | 3 4 |  4.2
Conjurations   | 2 3 |  3.2
Spellcasting   | 4 |  4.8
Fire Magic     | 4 |  4.6
Stealth        | |  2.4

Action                   |  1- 3 |  4- 6 || total
-------------------------+-------+-------++-------
Melee: Unarmed           |       |     2 ||     2
 Cast: Foxfire           |   110 |    61 ||   171
       Scorch            |     4 |     8 ||    12
       Inner Flame       |       |     4 ||     4
  Use: Scroll            |    11 |     3 ||    14
       Potion            |       |     1 ||     1
Armor: Robe              |     7 |       ||     7
Dodge: Dodged            |    34 |     5 ||    39

Table legend: (Time is in decaauts)
 A = Elapsed time spent in this place.
 B = Non-inter-level travel time spent in this place.
 C = Inter-level travel time spent in this place.
 D = Time resting spent in this place.
 E = Time spent auto-exploring this place.
 F = Levels seen in this place.
 G = Mean time per level.
                   A        B        C        D        E       F      G
               +--------+--------+--------+--------+--------+-----+--------+
         Total |   4995 |   4801 |    194 |    232 |   3885 |   4 | 1248.8 |
       Dungeon |   4995 |   4801 |    194 |    232 |   3885 |   4 | 1248.8 |
               +--------+--------+--------+--------+--------+-----+--------+

Top non-repeatable levels by time:
     D:2: 1697 daAuts
     D:1: 1462 daAuts
     D:3: 1454 daAuts
     D:4: 381 daAuts
